 Dungeon Crawl Stone Soup version 0.26-a0-962-g9b92081034 (webtiles) character file.

Game seed: 4293922782574981716

2047 Dracia the Placeless Demonspawn (level 9, -5/64 HPs)
             Began as a Demonspawn Warper on Dec 2, 2020.
             Was a Follower of Makhleb.
             Slain by an orc warrior
             ... wielding a +0 halberd
              (14 damage)
             ... on level 7 of the Dungeon.
             The game lasted 00:16:14 (6835 turns).

Dracia the Placeless Demonspawn (Demonspawn Warper) Turns: 6835, Time: 00:16:15

Health: -5/64      AC: 13    Str: 13    XL:     9   Next: 4%
Magic:  13/13      EV:  9    Int: 17    God:    Makhleb [*.....]
Gold:   169        SH:  0    Dex: 12    Spells: 1/12 levels left

rFire    . . .     SeeInvis +   l - +5 whip (vamp)
rCold    + . .     Faith    .   (no shield)
rNeg     . . .     Spirit   .   i - +2 scale mail {rC+}
rPois    .         Reflect  .   (helmet restricted)
rElec    .         Harm     .   B - +1 cloak
rCorr    .         Rampage  .   (no gloves)
MR       .....                  p - +0 pair of boots
Stlth    ..........             I - amulet of regeneration
HPRegen  0.60/turn              f - ring of see invisible
MPRegen  0.13/turn              (no ring)

@: no status effects
A: horns 1, rugged brown scales 2, high mp 1, spiny 1, rot immunity
a: Renounce Religion


You were on level 7 of the Dungeon.
You worshipped Makhleb.
Makhleb was aware of your devotion.
You visited 2 branches of the dungeon, and saw 8 of its levels.

You collected 334 gold pieces.
You spent 165 gold pieces at shops.


Innate Abilities, Weirdness & Mutations

You have a pair of small horns on your head.
You are mostly covered in rugged brown scales. (AC +2, +5% HP)
You are partially covered in sharp spines.
You are immune to rotting.
You have an increased reservoir of magic. (+10% MP)


   Skills:
 - Level 2.0 Fighting
 + Level 7.3 Maces & Flails
 - Level 2.8 Polearms
 - Level 0.8 Throwing
 - Level 0.8 Armour
 - Level 1.7 Dodging
 - Level 2.0 Spellcasting
 + Level 8.1 Translocations


You had one spell level left.
You knew the following spells:

 Your Spells              Type           Power        Failure   Level
a - Blink                 Tloc           N/A          4%          2
b - Gell's Gravitas       Tloc           ####......   10%         3
c - Lesser Beckoning      Tloc           ####......   10%         3
d - Teleport Other        Tloc           ####....     10%         3

Your spell library contained the following spells:

 Spells                   Type           Power        Failure   Level
 Passage of Golubria      Tloc           N/A          32%         4

Inventory:

Hand Weapons
 a - a +0 spear
 l - a +5 vampiric whip (weapon)
 D - a +1 shortbow of freezing
 G - a +2 great mace of protection
Missiles
 e - 4 boomerangs of dispersal (quivered) {=f}
 r - 11 boomerangs
 E - 73 arrows
Armour
 b - a +0 leather armour
 i - a +2 scale mail of cold resistance (worn)
 j - a scarf of invisibility
 o - a +0 helmet
 p - a +0 pair of boots (worn)
 u - a +2 robe of positive energy
 B - a +1 cloak (worn)
Jewellery
 f - a ring of see invisible (left hand)
 q - an uncursed amulet of reflection
 v - an uncursed amulet of magic regeneration
 I - an amulet of regeneration (around neck)
Wands
 s - a wand of random effects (17)
 y - a wand of paralysis (2)
 H - a wand of flame (23)
Scrolls
 d - 2 scrolls of blinking
 g - 5 scrolls of identify {@r1}
 h - a scroll of enchant weapon
 k - 3 scrolls of teleportation {@r4}
 w - a scroll of noise
 z - a scroll of fear
 C - 2 scrolls of remove curse {@r2}
 J - 2 scrolls of random uselessness
Potions
 c - a potion of curing {unknown}
 m - 2 potions of attraction
 A - 2 potions of cancellation
 F - 2 potions of might

Dungeon Overview and Level Annotations

Branches:
Dungeon (7/15)             Temple (1/1) D:5

Altars:
Cheibriados
Gozag
Kikubaaqudgha
Makhleb
Nemelex Xobeh
Okawaru
Qazlal
Ru
Sif Muna
Trog
Xom
Yredelemnul

Shops:
D:6

?= #### ...# ...# ...#
+..... #######+#......
..##..........#+####+##.
...#..........#.........
...#..........#..o......
...#..........#)@.......
...#..........#.).......
...#.....(....'.........
####.........[#...##(...
.....##+#######...# ###
.....# ....# .....#
....# †....# .....#
.....# .....#


You could see an orc warrior.


Message History

You hit the orc warrior.
You feel better.
The orc warrior is moderately wounded.
The orc warrior hits you with a +0 halberd!
* * * LOW HITPOINT WARNING * * *
You are too injured to fight recklessly!
You are too injured to fight recklessly!
Unknown command.
You barely miss the orc warrior.
The orc warrior is moderately wounded.
The orc warrior hits you with a +0 halberd.
* * * LOW HITPOINT WARNING * * *
You hit the orc warrior but do no damage.
The orc warrior is moderately wounded.
You whack the orc warrior!
The orc warrior is severely wounded.
The orc warrior hits you with a +0 halberd!
* * * LOW HITPOINT WARNING * * *
You hit the orc warrior but do no damage.
Your headbutt misses the orc warrior.
The orc warrior is severely wounded.
Unknown command.
You hit the orc warrior.
You feel better.
The orc warrior is severely wounded.
The orc warrior hits you with a +0 halberd.
* * * LOW HITPOINT WARNING * * *
You barely miss the orc warrior.
The orc warrior is severely wounded.
The orc warrior is struck by your spines.
The orc warrior hits you with a +0 halberd!
You die...

Skill      XL: |  1  2  3  4  5  6  7  8 |
---------------+-------------------------+-----
Polearms       | 2 |  2.8
Translocations | 3 4 5 6 8 |  8.1
Maces & Flails | 1 3 4 5 7 |  7.3
Fighting       | |  2.0
Throwing       | |  0.8
Armour         | |  0.8
Dodging        | |  1.7
Spellcasting   | |  2.0

Action                   |  1- 3 |  4- 6 |  7- 9 || total
-------------------------+-------+-------+-------++-------
Melee: Spear             |    73 |       |       ||    73
       Whip              |    86 |   204 |   301 ||   591
       Headbutt          |       |       |    19 ||    19
Throw: Boomerang         |       |     1 |       ||     1
 Cast: Blink             |       |     1 |       ||     1
Evoke: Wand              |       |       |     1 ||     1
  Use: Potion            |       |     2 |     4 ||     6
       Scroll            |       |       |    12 ||    12
 Stab: Paralysed         |       |       |    11 ||    11
Armor: Leather armour    |     3 |       |       ||     3
       Scale mail        |    73 |    82 |   107 ||   262
       Skin              |       |    22 |       ||    22
Dodge: Dodged            |    67 |    79 |   102 ||   248
Block: Other             |       |     7 |    26 ||    33

Levels and vault maps discovered:
D:1:      ncdulo_watergridlock, layout_basic, minmay_quantized
D:2:      layout_basic, uniq_sigmund, uniq_terence, uniq_robin
D:3:      layout_loops_ring, tgw_xom, kiku_gazebo_garden_becter,
          kennysheep_generic_room_2
D:4:      layout_basic, dk_noncrumbling_3
D:5:      layout_basic, okawaru_trees_1, minmay_temple_entry_stoned_glass,
          minmay_holes, uniq_prince_ribbit1
D:6:      layout_cave_pods, general_overflow_altar, serial_shops, shop_statue,
          shop_scrolls, uniq_edmund
D:7:      layout_gridville, minmay_misc_feat_x, grunt_ministairs_4,
          lemuel_angel_altar
Temple:   regret_index_temple_waves

Notes
Turn   | Place    | Note
-------+----------+-------------------------------------------
     0 | D:1      | Dracia the Demonspawn Warper began the quest for the Orb.
     0 | D:1      | Reached XP level 1. HP: 16/16 MP: 3/3
    23 | D:1      | Reached skill level 2 in Polearms
   331 | D:1      | Gained mutation: You are partially covered in rugged brown
                  | scales. (AC +1, +3% HP) [demonic ancestry]
   331 | D:1      | Reached XP level 2. HP: 16/22 MP: 5/5
   538 | D:1      | Learned a level 2 spell: Blink
   751 | D:1      | Reached skill level 3 in Translocations
   860 | D:1      | Reached XP level 3. HP: 27/27 MP: 6/6
  1518 | D:2      | Reached skill level 1 in Maces & Flails
  1630 | D:2      | Reached XP level 4. HP: 13/33 MP: 7/7
  1892 | D:2      | Noticed Terence
  1916 | D:2      | Killed Terence
  2014 | D:2      | Noticed Robin
  2038 | D:2      | Killed Robin
  2047 | D:2      | Reached skill level 2 in Maces & Flails
  2480 | D:2      | Noticed Sigmund
  2498 | D:2      | Killed Sigmund
  2499 | D:2      | Reached skill level 3 in Maces & Flails
  2499 | D:2      | Reached skill level 4 in Translocations
  2499 | D:2      | Gained mutation: You are mostly covered in rugged brown
                  | scales. (AC +2, +5% HP) [demonic ancestry]
  2499 | D:2      | Reached XP level 5. HP: 33/39 MP: 8/8
  2499 | D:2      | Gained mutation: You are partially covered in sharp spines.
                  | [demonic ancestry]
  2499 | D:2      | Reached XP level 6. HP: 39/46 MP: 9/9
  3079 | D:3      | Found a shimmering altar of Xom.
  3196 | D:3      | Reached skill level 5 in Translocations
  3562 | D:3      | Found an ancient bone altar of Kikubaaqudgha.
  3569 | D:3      | Reached skill level 4 in Maces & Flails
  3689 | D:3      | Learned a level 3 spell: Gell's Gravitas
  3693 | D:3      | Learned a level 3 spell: Lesser Beckoning
  3783 | D:4      | HP: 2/46 [ogre/+0 giant club (24)]
  4163 | D:4      | Reached XP level 7. HP: 52/52 MP: 10/10
  4829 | D:5      | Entered Level 5 of the Dungeon
  5000 | D:5      | Reached skill level 6 in Translocations
  5196 | D:5      | Noticed Prince Ribbit
  5217 | D:5      | Reached skill level 5 in Maces & Flails
  5289 | D:5      | Found a staircase to the Ecumenical Temple.
  5328 | Temple   | Entered the Ecumenical Temple
  5391 | Temple   | Became a worshipper of Makhleb the Destroyer
  5638 | D:5      | Found an iron altar of Okawaru.
  5700 | D:5      | Killed Prince Ribbit
  5701 | D:5      | Gained mutation: You have a pair of small horns on your
                  | head. [demonic ancestry]
  5701 | D:5      | Reached XP level 8. HP: 38/58 MP: 11/11
  5847 | D:5      | Learned a level 3 spell: Teleport Other
  5932 | D:6      | Reached skill level 6 in Maces & Flails
  5932 | D:6      | Reached skill level 7 in Translocations
  6056 | D:6      | Found a snail-covered altar of Cheibriados.
  6094 | D:6      | Found Bytenifi's Magic Scroll Emporium.
  6164 | D:6      | Gained mutation: You are dopey. (Int -2) [potion of
                  | mutation]
  6164 | D:6      | Lost mutation: You are dopey. (Int -2) [potion of mutation]
  6164 | D:6      | Gained mutation: You have an increased reservoir of magic.
                  | (+10% MP) [potion of mutation]
  6270 | D:6      | Found Gaikle's Jewellery Emporium.
  6288 | D:6      | Bought an uncursed ring of see invisible for 165 gold
                  | pieces
  6366 | D:6      | Noticed Edmund
  6381 | D:6      | Killed Edmund
  6528 | D:6      | Reached skill level 7 in Maces & Flails
  6747 | D:7      | Reached skill level 8 in Translocations
  6747 | D:7      | Reached * piety under Makhleb
  6791 | D:7      | Gained mutation: You are immune to rotting. [demonic
                  | ancestry]
  6791 | D:7      | Reached XP level 9. HP: 64/64 MP: 13/13
  6835 | D:7      | Slain by an orc warrior

Vanquished Creatures
  Prince Ribbit (D:5)
  Sigmund (D:2)
  Edmund (D:6)
  2 ogres
  A centaur (D:5)
  A big kobold (D:7)
  2 bullfrogs
  3 wights (D:6)
  2 howler monkeys (D:6)
  A centaur zombie (D:6)
  4 hounds
  A quasit (D:5)
  3 orc priests
  3 bullfrog skeletons
  7 orc wizards
  An iguana (D:5)
  Terence (D:2)
  2 hound skeletons (D:4)
  Robin (D:2)
  A worker ant zombie (D:5)
  2 gnolls
  A howler monkey skeleton (D:4)
  11 adders
  A white imp (D:6)
  An ufetubus (D:5)
  2 oozes (D:3)
  An adder skeleton (D:7)
  4 worms
  3 dart slugs (D:1)
  5 leopard geckos
  24 orcs
  A giant cockroach (D:1)
  21 goblins
  12 hobgoblins
  3 jackals
  3 quokkas
  2 ball pythons
  9 bats
  A jackal skeleton (D:4)
  10 kobolds
  2 leopard gecko skeletons (D:4)
  4 rats
162 creatures vanquished.

Table legend: (Time is in decaauts)
 A = Elapsed time spent in this place.
 B = Non-inter-level travel time spent in this place.
 C = Inter-level travel time spent in this place.
 D = Time resting spent in this place.
 E = Time spent auto-exploring this place.
 F = Levels seen in this place.
 G = Mean time per level.
                   A        B        C        D        E       F      G
               +--------+--------+--------+--------+--------+-----+--------+
         Total |   6785 |   6618 |    167 |    394 |   4935 |   8 |  848.1 |
       Dungeon |   6695 |   6554 |    141 |    394 |   4876 |   7 |  956.4 |
        Temple |     89 |     63 |     26 |      0 |     59 |   1 |   89.0 |
               +--------+--------+--------+--------+--------+-----+--------+

Top non-repeatable levels by time:
     D:2: 1585 daAuts
     D:1: 1445 daAuts
     D:3: 973 daAuts
     D:5: 936 daAuts
     D:6: 837 daAuts
     D:4: 827 daAuts
  Temple: 89 daAuts
     D:7: 89 daAuts

Table legend:
 A = Non-vault XP
 B = Vault XP
 C = Vault XP percentage of total XP
 D = Non-vault monster count
 E = Vault monster count
 F = Vault count percentage of total count
                 A         B        C        D         E       F
            +---------+---------+-------+---------+---------+-------
      Total |    2152 |     773 |  26.4 |     136 |      26 |  16.0
            +---------+---------+-------+---------+---------+-------
        D:1 |      57 |      11 |  16.2 |      22 |       6 |  21.4
        D:2 |     149 |     294 |  66.4 |      21 |      15 |  41.7
        D:3 |     152 |      21 |  12.1 |      22 |       3 |  12.0
        D:4 |     229 |       0 |   0.0 |      11 |       0 |   0.0
        D:5 |     397 |     283 |  41.6 |      17 |       1 |   5.6
        D:6 |     927 |     164 |  15.0 |      32 |       1 |   3.0
        D:7 |     241 |       0 |   0.0 |      11 |       0 |   0.0
            +---------+---------+-------+---------+---------+-------
